 Dungeon Crawl Stone Soup version 0.29.1-1-gd02db6906a (webtiles) character file.

Game seed: 17525447449373637671

516 safid the Skirmisher (level 7, 0/57 HPs)
             Began as a Minotaur Hunter on Oct 7, 2022.
             Was an Initiate of Okawaru.
             Slain by a gnoll
             ... wielding a +0 halberd
             ... led by a gnoll sergeant
              (8 damage)
             ... on level 5 of the Dungeon.
             The game lasted 00:05:34 (3612 turns).

safid the Skirmisher (Minotaur Hunter)              Turns: 3612, Time: 00:05:35

Health: 0/57       AC:  5    Str: 15    XL:     7   Next: 0%
Magic:  6/6        EV: 12    Int:  6    God:    Okawaru [......]
Gold:   200        SH:  0    Dex: 16    Spells: 6/6 levels left

rFire   + . .      SeeInvis .   a - +0 shortbow
rCold   . . .      Faith    .   (shield currently unavailable)
rNeg    . . .      Spirit   .   c - +0 leather armour
rPois   .          Reflect  .   (helmet restricted)
rElec   .          Harm     .   f - +1 cloak
rCorr   .          Rampage  .   (no gloves)
Will    .....                   (no boots)
Stlth   +.........              (no amulet)
HPRegen 0.19/turn               x - ring of protection from fire
MPRegen 0.10/turn               (no ring)

@: about to teleport
A: horns 2, retaliatory headbutt
a: Renounce Religion


You were on level 5 of the Dungeon.
You worshipped Okawaru.
Okawaru was noncommittal.
You visited 2 branches of the dungeon, and saw 6 of its levels.

You collected 200 gold pieces.

Inventory:

Hand Weapons
 a - a +0 shortbow (weapon)
Armour
 c - a +0 leather armour (worn)
 f - a +1 cloak (worn)
Jewellery
 x - a ring of protection from fire (left hand)
Wands
 j - a wand of digging (3)
Scrolls
 b - a scroll of immolation
 e - a scroll of noise {unknown}
 g - 2 scrolls of silence
 i - 2 scrolls of identify
 m - a scroll of fog {unknown}
 n - a scroll of vulnerability {unknown}
 q - 2 scrolls of enchant armour
 u - 2 scrolls of blinking
 v - a scroll of fear {unknown}
 w - a scroll of enchant weapon {unknown}
Potions
 d - 2 potions of curing {unknown}
 h - a potion of mutation {unknown}
 k - a potion of degeneration {unknown}
 l - 2 potions of might
 o - 3 potions of resistance {unknown}
 p - a potion of heal wounds
 s - 3 potions of haste {unknown}
 t - a potion of attraction {unknown}


   Skills:
 - Level 3.0 Fighting
 + Level 9.1 Ranged Weapons
 - Level 2.1 Dodging
 - Level 0.7 Stealth


You had 6 spell levels left.
You didn't know any spells.
Your spell library contained the following spells:

 Spells                   Type           Power      Damage    Failure   Level
 Poisonous Vapours        Pois/Air       0%         N/A       67%         2
 Corpse Rot               Necr/Pois/Air  0%         N/A       99%         4


Dungeon Overview and Level Annotations

Branches:
Dungeon (5/15)             Temple (1/1) D:4

Altars:
Cheibriados
Dithmenos
Gozag
Makhleb
Nemelex Xobeh
Okawaru
Ru
Trog
Vehumet
Yredelemnul

Shops:
D:1 [

Annotations:
D:2 1 runed translucent door, Crazy Yiuf


Innate Abilities, Weirdness & Mutations

You have a pair of horns on your head.
You reflexively headbutt those who attack you in melee.


Message History

Fire: a) +0 shortbow
Press: ? - help, Q - select action Shift-Dir - straight line, f/p - gnoll sergeant
Aim: a gnoll sergeant, wielding a +0 trident and wearing a +0 scale mail (moderately wounded, 72% to hit)
You shoot an arrow.
The arrow barely misses the gnoll sergeant.
The arrow closely misses the gnoll.
The gnoll sergeant hits you from afar with a +0 trident!
* * * LOW HITPOINT WARNING * * *
Unknown command.
A hound comes into view.
The hound barks!
As you read the scroll labelled COXUZO JUVO, it crumbles to dust.
It is a scroll of enchant armour.
Your +0 cloak glows green for a moment.
The gnoll sergeant barely misses you.
Blink to where?
Press: ? - help, Dir - move target, p - gnoll sergeant
Found an escape hatch in the floor.
As you read the scroll labelled HIFIOP INATT, it crumbles to dust.
It was a scroll of blinking.
As you read the scroll labelled ERICLI WEPIWE, it crumbles to dust.
It is a scroll of identify.
g - 2 scrolls of silence The hound bites you but does no damage.
As you read the scroll labelled BOILEK CEQOSMO, it crumbles to dust.
You feel strangely unstable.
It was a scroll of teleportation.
The hound misses you. The hound bites you.
* * * LOW HITPOINT WARNING * * *
Your surroundings suddenly seem different.
You start resting.
A hound is nearby!
The gnoll shouts!
You hear a bark!
The gnoll shouts!
The hound bites you.
* * * LOW HITPOINT WARNING * * *
The hound attacks as you move away! The hound bites you but does no damage.
The hound closely misses you. You furiously retaliate!
You headbutt the hound!
As you read the scroll of teleportation, it crumbles to dust.
You feel strangely unstable. The hound bites you but does no damage.
The gnoll hits you from afar with a +0 halberd!
You die...

#######....###. #........
#..#.###. ###.##.....
#...####### #.P........
#...#######
.################...#######
..........@hgg.............
#.............##.########
##...............)gg..#
...###.........#######.#
#.........# ####.##
#.........####...g.#
#.........g........#
#.........## #.....#
.########## #.....#


You could see a gnoll sergeant, a hound and 2 gnolls.

Vanquished Creatures
  A scorpion (D:4)
  A jelly (D:5)
  2 orc priests
  3 hounds (D:4)
  2 iguanas (D:4)
  3 orc wizards
  A gnoll (D:5)
  4 adders
  A worm (D:3)
  2 dart slugs
  21 orcs
  8 ball pythons
  6 endoplasms
  2 giant cockroaches (D:2)
  6 goblins
  6 hobgoblins
  3 kobolds
  2 quokkas (D:2)
  5 bats
  6 frilled lizards
  5 rats
90 creatures vanquished.

Vanquished Creatures (others)
  A fungus (D:2)
1 creature vanquished.

Grand Total: 91 creatures vanquished

Notes
Turn   | Place    | Note
-------+----------+-------------------------------------------
     0 | D:1      | safid the Minotaur Hunter began the quest for the Orb.
     0 | D:1      | Reached XP level 1. HP: 18/18 MP: 0/0
   164 | D:1      | Reached XP level 2. HP: 25/25 MP: 1/1
   311 | D:1      | Found Oga Tauj's Armour Emporium.
   587 | D:2      | Found a faded altar of an unknown god.
   703 | D:2      | Reached skill level 5 in Ranged Weapons
   894 | D:2      | Reached XP level 3. HP: 31/31 MP: 2/2
  1265 | D:2      | Found a runed translucent door.
  1266 | D:2      | Noticed Crazy Yiuf
  1391 | D:3      | Reached XP level 4. HP: 38/38 MP: 3/3
  1455 | D:3      | Reached skill level 6 in Ranged Weapons
  1906 | D:3      | Reached XP level 5. HP: 14/45 MP: 4/4
  2415 | D:4      | Reached skill level 7 in Ranged Weapons
  2689 | D:4      | Found a shadowy altar of Dithmenos.
  2695 | D:4      | Reached XP level 6. HP: 44/51 MP: 5/5
  2707 | D:4      | Reached skill level 8 in Ranged Weapons
  2887 | D:4      | Found a staircase to the Ecumenical Temple.
  2905 | Temple   | Entered the Ecumenical Temple
  2910 | Temple   | Became a worshipper of Warmaster Okawaru
  3495 | D:5      | Entered Level 5 of the Dungeon
  3517 | D:5      | Reached skill level 9 in Ranged Weapons
  3581 | D:5      | Reached XP level 7. HP: 44/57 MP: 6/6
  3612 | D:5      | Slain by a gnoll

Illustrated notes

Levels and vault maps discovered:
D:1:      lemuel_arrival_broad_hall, layout_rooms, serial_shops, shop,
          minivault_26, nicolae_concentric_dashed_squares_mild
D:2:      layout_rooms, nicolae_ecumenical_oubliette, glass_columns_a,
          uniq_crazy_yiuf_cottage
D:3:      layout_basic
D:4:      layout_loops_cross, nicolae_dithmenos_shadow_blocks,
          minmay_temple_entry_butterflies, nicolae_elevator_lobby_asterisk
D:5:      layout_basic, sigmund_edmund_badplayer, uniq_duvessa,
          uniq_prince_ribbit1
Temple:   compressed_dpeg_triangle_lava_temple

Skill      XL: |  1  2  3  4  5  6 |
---------------+-------------------+-----
Fighting       | 3 |  3.0
Ranged Weapons | 5 6 7 9 |  9.1
Dodging        | |  2.1
Stealth        | |  0.7

Action                   |  1- 3 |  4- 6 |  7- 9 || total
-------------------------+-------+-------+-------++-------
 Fire: Shortbow          |    85 |   184 |     7 ||   276
  Use: Potion            |       |     2 |       ||     2
       Scroll            |       |       |     5 ||     5
Armor: Leather armour    |     5 |    16 |     4 ||    25
Dodge: Dodged            |    19 |    41 |     5 ||    65
